 Dungeon Crawl Stone Soup version 0.28.0 (webtiles) character file.

Game seed: 8433351730047293359

2179 ddubois the Magician (level 9, -1/57 HPs)
             Began as a Djinni Venom Mage on Feb 15, 2022.
             Was an Initiate of Gozag.
             Shot with an arrow by a centaur warrior (20 damage)
             ... on level 8 of the Dungeon.
             The game lasted 00:38:11 (11621 turns).

ddubois the Magician (Djinni Venom Mage)           Turns: 11621, Time: 00:38:12

Health: -1/57      AC:  2    Str:  7    XL:     9   Next: 58%
Gold:   402        EV: 16    Int: 21    God:    Gozag SH:  0 Dex: 14

rFire   + + .      SeeInvis .   a - +1 dagger (elec)
rCold   x . .      Faith    .   n - +0 buckler
rNeg    . . .      Spirit   .   q - +0 robe
rPois   ∞          Reflect  .   (no helmet)
rElec   .          Harm     .   (no cloak)
rCorr   .          Rampage  .   (no gloves)
Will    +....                   (boots unavailable)
Stlth   +.........              (no amulet)
HPRegen 0.19/turn               x - +4 ring of evasion
MPRegen 0.00/turn               I - ring of willpower

@: confused, ambrosia-drunk, flying
A: sickness immunity, fire resistance 2, cold vulnerability 1, float, innate
caster, HP casting, extra vitality 1
a: Renounce Religion, Potion Petition, Call Merchant, Bribe Branch


You were on level 8 of the Dungeon.
You worshipped Gozag.
Gozag was aware of your devotion.
You visited 2 branches of the dungeon, and saw 9 of its levels.

You collected 713 gold pieces.
You paid 311 gold pieces to Gozag.

Inventory:

Hand Weapons
 a - a +1 dagger of electrocution (weapon)
 G - the +4 spear "Beetle's Death" {vorpal, rF+ rN+ Will+}
   (You found it on level 6 of the Dungeon)

   It inflicts extra damage upon your enemies.
   rF:        It protects you from fire.
   rN:        It protects you from negative energy.
   Will:      It increases your willpower.
Missiles
 e - 5 silver javelins (quivered)
 f - 169 stones
 g - 3 boomerangs
 k - 2 javelins
 m - 45 arrows
 o - 53 sling bullets
 E - 41 bolts
 K - 11 poisoned darts
Armour
 i - a +0 ring mail
 n - a +0 buckler (worn)
 p - a +0 tower shield
 q - a +0 robe (worn)
Magical Staves
 b - a staff of poison
Jewellery
 x - a +4 ring of evasion (left hand)
 A - an amulet of faith
 I - a ring of willpower (right hand)
Wands
 w - a wand of flame (12)
 C - a wand of iceblast (3)
 J - a wand of acid (6)
Scrolls
 d - 4 scrolls of teleportation
 j - 3 scrolls of fear
 l - 3 scrolls of magic mapping {unknown}
 r - 3 scrolls of fog {unknown}
 s - 6 scrolls of identify {unknown}
 y - 3 scrolls of blinking {unknown}
 B - 4 scrolls of enchant weapon {unknown}
 D - a scroll of torment {unknown}
 H - a scroll of silence {unknown}
 N - a scroll of vulnerability {unknown}
Potions
 c - a potion of might {unknown}
 t - a potion of resistance {unknown}
 u - a potion of brilliance {unknown}
 v - a potion of attraction {unknown}
 z - 2 potions of haste
 F - 2 potions of mutation {unknown}
 L - a potion of curing


   Skills:
 - Level 1.2 Fighting
 - Level 4.0 Short Blades
 - Level 0.5 Staves
 - Level 3.0 Dodging
 - Level 2.0 Stealth
 + Level 6.2 Shields
 + Level 7.0 Spellcasting


You had 3 spell levels left.
You knew the following spells:

 Your Spells              Type           Power      Damage    Failure   Level
a - Sting                 Tmut/Pois      100%       1d8       1%          1
b - Poisonous Vapours     Pois/Air       74%        N/A       1%          2
c - Mephitic Cloud        Conj/Pois/Air  37%        N/A       1%          3
d - Olgreb's Toxic Radia  Pois           37%        N/A       6%          4
e - Animate Skeleton      Necr           74%        N/A       1%          1
f - Ensorcelled Hibernat  Hex/Ice        74%        N/A       1%          2
g - Ozocubu's Armour      Ice            37%        N/A       1%          3
h - Call Canine Familiar  Summ           37%        N/A       1%          3
Your spell library was empty.

Dungeon Overview and Level Annotations

Branches:
Dungeon (8/15)             Temple (1/1) D:6
   Lair: D:8-11

Altars:
Ashenzari
Cheibriados
Dithmenos
Elyvilon
Fedhas
Gozag
Hepliaklqana
Kikubaaqudgha
Makhleb
Nemelex Xobeh
Okawaru
Qazlal
Sif Muna
Trog
Uskayaw
Vehumet
Wu Jian
Yredelemnul
Zin

Shops:
D:4 !   D:5 !

Annotations:
D:3 2 transporters, BobtheApe's ghost, amateur KoBr
D:6 1 runed translucent door, 1 exclusion, Lambsauce's ghost, novice TrFi
D:7 2 transporters, fiver49's ghost, novice DsHu


Innate Abilities, Weirdness & Mutations

You are immune to sickness and miasma.
You are immune to poison.
Your flesh is very heat resistant. (rF++)
You are vulnerable to cold. (rC-)
You float through the air rather than walking.
You learn spells naturally, not from books.
Your magical power is your life essence.
You have superior vitality. (+4 MHP)


Message History

Unknown command.
Unknown command.
The centaur warrior shoots an arrow.
You block the arrow.
Unknown command.
Casting: Poisonous Vapours (safe; 1% risk of failure)
Confirm with . or Enter, or press ? or * to list all spells.
Aiming: Poisonous Vapours (safe; 1% risk of failure)
Press: ? - help, Dir - move target, f/p - centaur warrior
Aim: a centaur warrior, wielding a +0 shortbow, wearing a +1 robe of willpower and quivering arrows (moderately wounded, very poisoned, slow) Poisonous vapours surround the centaur warrior!
The centaur warrior looks as sick as possible!
The centaur warrior shoots an arrow.
The arrow hits you!!
* * * LOW HITPOINT WARNING * * *
Unknown command.
Unknown command.
The centaur warrior shoots an arrow.
You block the arrow.
Throw: throwing net
Press: ? - help, Q - select action, (/) - cycle Shift-Dir - straight line, f/p - centaur warrior
Aim: a centaur warrior, wielding a +0 shortbow, wearing a +1 robe of willpower and quivering arrows (severely wounded, very poisoned, 65% to hit)
You throw a throwing net.
The throwing net hits the centaur warrior.
The centaur warrior is caught in the net!
The centaur warrior is severely wounded.
The centaur warrior struggles against the net. x2
Casting: Poisonous Vapours (safe; 1% risk of failure)
Confirm with . or Enter, or press ? or * to list all spells.
Aiming: Poisonous Vapours (safe; 1% risk of failure)
Press: ? - help, Dir - move target, f/p - centaur warrior
Aim: a centaur warrior, wielding a +0 shortbow, wearing a +1 robe of willpower and quivering arrows (severely wounded, entangled in a net, very poisoned) Poisonous vapours surround the centaur warrior!
The centaur warrior looks as sick as possible!
* * * LOW HITPOINT WARNING * * *
The centaur warrior struggles against the net.
You are confused.
You feel invigorated.
The centaur warrior struggles against the net.
The net rips apart, and the centaur warrior comes free!
The centaur warrior shoots an arrow.
The arrow hits you!!
You die...
Your body crumbles into a pile of gold.

#.............#
#.............#
#.............#
##.##.........#
#.##.......c.# ##
###.##....##.#.# .#
#.#........#.#.# .######
#....#.....#.#.###.......
#.##.#.....#@#.c.........
#.##.#.....#.#####c......
# #.##.#.....#.# .......
# #.#..#####'#.# .......
# #.#..........# .......
# #.#..........# .....##
# #.#............ '#####
# #.#.####.......# .# #
#.#.####.......#


You could see a centaur warrior (extremely poisoned).

Vanquished Creatures
  Grinder (D:3)
  An acid dragon (D:7)
  A black bear (D:5)
  An ice beast (D:4)
  2 orc warriors
  3 ogres
  A centaur (D:6)
  2 kobold brigands (D:7)
  2 scorpions
  A water moccasin zombie (D:5)
  2 howler monkeys
  2 jellies
  4 hounds
  A gnoll shaman (D:7)
  A bullfrog skeleton (D:6)
  4 orc priests
  2 centaur skeletons
  5 orc wizards
  2 iguanas (D:5)
  2 hound skeletons (D:4)
  2 howler monkey zombies
  3 gnolls (D:7)
  3 adders
  A white imp (D:6)
  A dart slug (D:2)
  13 orcs
  6 endoplasms
  6 giant cockroaches
  5 goblins
  4 hobgoblins
  6 jackals
  16 kobolds
  A quokka (D:1)
  10 ball pythons
  3 bats (D:2)
  4 frilled lizards
  5 rats
129 creatures vanquished.

Notes
Turn   | Place    | Note
-------+----------+-------------------------------------------
     0 | D:1      | ddubois the Djinni Venom Mage began the quest for the Orb.
     0 | D:1      | Reached XP level 1. HP: 15/15 MP: 0/0
   236 | D:1      | Reached XP level 2. HP: 17/21 MP: 0/0
  1370 | D:2      | Reached skill level 3 in Spellcasting
  1555 | D:2      | Reached XP level 3. HP: 11/25 MP: 0/0
  1555 | D:2      | Learned a level 1 spell: Animate Skeleton
  2594 | D:2      | Reached XP level 4. HP: 25/31 MP: 0/0
  3417 | D:3      | Found a faded altar of an unknown god.
  3581 | D:3      | Found a transporter.
  3581 | D:3      | Noticed BobtheApe's ghost (amateur KoBr)
  3750 | D:3      | Noticed Grinder
  3764 | D:3      | Killed Grinder
  3765 | D:3      | Reached skill level 4 in Spellcasting
  3765 | D:3      | Reached XP level 5. HP: 34/36 MP: 0/0
  3765 | D:3      | Learned a level 2 spell: Ensorcelled Hibernation
  3765 | D:3      | Reached XP level 6. HP: 39/41 MP: 0/0
  4142 | D:3      | Found a transporter.
  4512 | D:3      | Found a white marble altar of Elyvilon.
  4512 | D:3      | Found a bloodstained altar of Trog.
  5130 | D:4      | Found a stormy altar of Qazlal.
  5239 | D:4      | Found Mehoacymn's Distillery.
  5305 | D:4      | Reached skill level 5 in Spellcasting
  5305 | D:4      | Reached XP level 7. HP: 42/46 MP: 0/0
  5305 | D:4      | Learned a level 3 spell: Ozocubu's Armour
  5516 | D:4      | Reached skill level 1 in Fighting
  5768 | D:5      | Entered Level 5 of the Dungeon
  5851 | D:5      | Found Luhim's Distillery.
  6172 | D:5      | Reached skill level 1 in Short Blades
  6332 | D:5      | Found an iron altar of Okawaru.
  6603 | D:5      | Found an opulent altar of Gozag.
  6630 | D:5      | HP: 2/47 [ice beast (21)]
  6768 | D:5      | Found an ornate altar of the Wu Jian Council.
  6997 | D:4      | Reached XP level 8. HP: 49/52 MP: 0/0
  7165 | D:5      | You are sucked into a shaft and drop 3 floors!
  7270 | D:8      | Found a broken altar of Ashenzari.
  7715 | D:8      | Noticed a centaur warrior
  7953 | D:6      | Found a staircase to the Ecumenical Temple.
  7962 | Temple   | Entered the Ecumenical Temple
  8142 | D:6      | Found a runed translucent door.
  8148 | D:6      | Noticed Lambsauce's ghost (novice TrFi)
  8177 | D:6      | Identified the +4 spear "Beetle's Death" {vorpal, rF+ rN+
                  | Will+}
  8203 | D:5      | Became a worshipper of Gozag Ym Sagoz the Greedy
  8261 | D:5      | Found a sparkling altar of Nemelex Xobeh.
  8546 | D:6      | Reached skill level 6 in Spellcasting
  9676 | D:6      | Reached XP level 9. HP: 30/57 MP: 0/0
  9676 | D:6      | Learned a level 3 spell: Call Canine Familiar
 10201 | D:6      | Reached skill level 5 in Shields
 10777 | D:7      | Noticed fiver49's ghost (novice DsHu)
 10777 | D:7      | Noticed a lindwurm
 10889 | D:7      | Found a transporter.
 10889 | D:7      | Noticed a deep troll
 10892 | D:7      | Found a transporter.
 11030 | D:7      | Reached skill level 7 in Spellcasting
 11187 | D:7      | Found a hide-covered altar of Uskayaw.
 11353 | D:7      | Noticed a wolf spider
 11440 | D:7      | Found a burning altar of Makhleb.
 11621 | D:8      | Shot with an arrow by a centaur warrior

Illustrated notes

Levels and vault maps discovered:
D:1:      minmay_arrival_four_houses, layout_basic, minivault_24,
          corexii_item_surrounded_by_moat, minmay_misc_feat_room
D:2:      layout_basic, basic_altar, chequers_serial_rivers_large_a
D:3:      layout_basic, gammafunk_temple_overflow_pools,
          gammafunk_ghost_mausoleum, chequers_ecumenical_altar_simple_redux,
          kennysheep_generic_room_13, uniq_grinder
D:4:      layout_basic, nicolae_overflow_crystal_walls, serial_shops,
          kennysheep_mini_moat, minmay_box_of_dots
D:5:      layout_loops_ring, nemelex_spade_bored_becter,
          nicolae_gozag_cash_rules_everything_around_me, pf_just_have_faith,
          mainiacjoe_overflow_boulevard, serial_shops,
          nicolae_shop_hallway_plus, serial_bayou_ford_a
D:6:      layout_cave_pods, temple_fountains, gammafunk_ghost_grave
D:7:      layout_cave_pools, nicolae_uskayaw_dance_studio,
          general_overflow_altar, gammafunk_ghost_arena
D:8:      minmay_klotski, layout_basic, mainiacjoe_overflow_tiny_flanked,
          uniq_prince_ribbit1
Temple:   nicolae_temple_figure_zero

Skill      XL: |  1  2  3  4  5  6  7  8  9 |
---------------+----------------------------+-----
Spellcasting   | 3 4 5 6 7 |  7.0
Shields        | 2 3 4 6 |  6.2
Fighting       | 1 |  1.2
Short Blades   | 1 3 4 |  4.0
Dodging        | 3 |  3.0
Stealth        | 2 |  2.0
Staves         | |  0.5

Action                   |  1- 3 |  4- 6 |  7- 9 || total
-------------------------+-------+-------+-------++-------
Melee: Unarmed           |     3 |       |       ||     3
       Staff             |       |    10 |       ||    10
       Dagger            |       |     5 |    76 ||    81
Throw: Javelin           |       |     3 |     3 ||     6
       Dart              |       |       |     1 ||     1
       Throwing net      |       |       |     1 ||     1
 Cast: Sting             |    24 |    31 |    26 ||    81
       Poisonous Vapours |    34 |    41 |   122 ||   197
       Ozocubu's Armour  |       |       |     4 ||     4
       Mephitic Cloud    |       |       |     4 ||     4
       Ensorcelled Hiber |       |       |     3 ||     3
       Call Canine Famil |       |       |     1 ||     1
Evoke: Wand              |       |       |    24 ||    24
  Use: Potion            |       |     3 |     4 ||     7
       Scroll            |       |     1 |     1 ||     2
 Stab: Sleeping          |       |       |     1 ||     1
Armor: Robe              |     6 |    12 |    20 ||    38
Dodge: Dodged            |    23 |    34 |    85 ||   142
Block: Buckler           |       |    14 |    26 ||    40
